AoeStats
← eerkykdi

Arena

506682396Analyzed
2v2 RM · 18d ago on Sep 14, 2026· 51m 7s· 4 players
Game mode
Random Map
Map size
Medium (4 player)
Population
200
Speed
Normal
Resources
Standard
Victory
Conquest
Starting age
Dark Age
Ending age
Imperial Age
RankedLock teamsTeams togetherTeam positionsShared explorationLock speedFull tech treeHidden civsTurbo modeCheats
Victory
Defeat
🇪🇸 Burgundians · Spain
684
+14
🇩🇪 Cumans · Germany
655
+15
🇨🇴 Inca · Colombia
654
-15
🇮🇳 Franks · India
628
-14
ACES || Raeze
0:33 Loom
12:11 Feudal Age
14:18 Wheelbarrow
13:46 Double-Bit Axe
18:36 Forging
24:19 Stone Mining
27:28 Castle Age
27:08 Scale Barding Armor
27:46 Pikeman
28:26 Squires
30:24 Iron Casting
29:53 Husbandry
30:11 Bow Saw
32:07 Hand Cart
33:09 Light Cavalry
36:44 Scale Mail Armor
39:54 Arson
42:49 #83
47:50 Chain Barding Armor
47:45 Chain Mail Armor
Mathias1493
14:34 Feudal Age
16:45 Wheelbarrow
16:00 Double-Bit Axe
16:22 Horse Collar
17:37 Champi Runner
20:46 Fletching
23:28 Gold Mining
23:28 Stone Mining
23:35 Stone Mining
28:02 Castle Age
27:06 Forging
28:15 Crossbowman
28:17 Pikeman
34:54 Bodkin Arrow
eerkykdi
3:42 Loom
9:42 Feudal Age
12:39 Double-Bit Axe
19:38 Stone Mining
33:20 Castle Age
33:19 Horse Collar
35:02 Wheelbarrow
35:14 Fletching
39:42 Scale Barding Armor
40:58 Bodkin Arrow
41:58 Capped Ram
44:17 Chain Barding Armor
44:48 Bow Saw
45:22 Hand Cart
45:30 Bloodlines
46:01 Ballistics
49:26 Sanctity
50:54 Padded Archer Armor
filx3000p
8:00 Wheelbarrow
11:31 Feudal Age
10:25 Double-Bit Axe
12:36 Loom
15:15 Man-at-Arms
16:46 Gold Mining
21:19 Castle Age
21:13 Scale Mail Armor
21:26 Forging
25:44 Long Swordsman
27:00 Horse Collar
28:47 Cavalier
29:23 Pikeman
30:40 Heavy Plow
31:55 Scale Barding Armor
32:51 Crossbowman
33:22 Arson
37:22 Hand Cart
37:10 Caravan
43:57 Imperial Age
44:44 Paladin
45:46 Capped Ram
Connection lost

Rejoining the realm…

Still unreachable

The connection could not be restored.

Session expired

The server has moved on; the page needs a fresh start.